 Dungeon Crawl Stone Soup version 0.21.1-1-g345015f (webtiles) character file.

2008 cultivahabas the Basher (level 9, -1/120 HPs)
             Began as a Troll Chaos Knight on May 17, 2018.
             Slain by a killer bee (7 damage)
             ... on level 7 of the Dungeon.
             The game lasted 00:17:45 (6594 turns).

cultivahabas the Basher (Troll Chaos Knight)        Turns: 6594, Time: 00:17:46

Health: -1/120     AC:  6    Str: 27      XL:     9   Next: 2%
Magic:  8/8        EV: 10    Int:  5 (6)  God:    Xom [......]
Gold:   127        SH:  4    Dex: 11 (12) Spells: 8/8 levels left

rFire    + . .     SeeInvis .   a - +0 mace (chaos)
rCold    . . .     Gourm    +   (no shield)
rNeg     . . .     Faith    .   b - +2 robe
rPois    .         Spirit   .   (helmet restricted)
rElec    .         Reflect  .   (no cloak)
rCorr    .         Harm     .   (gloves unavailable)
MR       .....                  (boots unavailable)
Stlth    ..........             (no amulet)
HPRegen  0.70/turn              (no ring)
MPRegen  0.11/turn              (no ring)

@: berserking, lethally poisoned (-1 -> -8), very quick
A: large, unfitting armour, claws 3, large bone plates 1, deformed body,
deterioration 1, dopey 1, fire resistance 1, fast metabolism 3, frail 1,
gourmand, regeneration 1, shaggy fur 1, tough skin 2
a: Renounce Religion


You were on level 7 of the Dungeon.
You worshipped Xom.
You were a very special plaything of Xom.
You were not hungry.

You visited 1 branch of the dungeon, and saw 7 of its levels.

You collected 354 gold pieces.
You spent 227 gold pieces at shops.

Inventory:

Hand Weapons
 a - a +0 mace of chaos (weapon)
 y - a +0 giant spiked club
Missiles
 u - 7 tomahawks (quivered)
 w - 4 large rocks
Armour
 b - a +2 robe (worn)
Jewellery
 f - an uncursed ring of stealth {unknown}
 t - an uncursed ring of poison resistance {unknown}
 x - an uncursed amulet of rage {unknown}
Wands
 i - a wand of digging (15)
Scrolls
 d - 8 scrolls of identify
 h - 6 scrolls of remove curse
 l - a scroll of torment {unknown}
 m - a scroll of amnesia
 s - a scroll of fog {unknown}
 v - a scroll of teleportation {unknown}
 A - a scroll of summoning {unknown}
Potions
 e - a potion of berserk rage
 g - 2 potions of heal wounds
 j - 2 potions of agility
 k - 7 potions of curing
 o - 2 potions of might
 p - 3 potions of flight
 q - 3 potions of cancellation {unknown}
 r - a potion of brilliance {unknown}
Comestibles
 c - 7 rations


   Skills:
 + Level 6.1 Fighting
 * Level 9.3 Maces & Flails
 + Level 2.1 Dodging


You had 8 spell levels left.
You didn't know any spells.

Dungeon Overview and Level Annotations

Branches:
Dungeon (7/15)             Temple (0/1) D:5

Altars:
Ashenzari
Hepliaklqana
Qazlal
Sif Muna
Vehumet
Wu Jian

Shops:
D:4 [   D:5 !   D:6 !


Innate Abilities, Weirdness & Mutations

You are too large for most types of armour.
You have claws for hands.
Your metabolism is lightning-fast.
You like to eat raw meat.
Your natural rate of healing is unusually fast.
You are covered in fur. (AC +1)
You have very tough skin. (AC +2)
You are partially covered in large bone plates. (SH +4)
Armour fits poorly on your strangely shaped body.
Your body sometimes deteriorates upon taking damage.
You are dopey. (Int -2)
Your flesh is heat resistant. (rF+)
You are frail. (-10% HP)


Message History

* * * LOW HITPOINT WARNING * * *
It was a potion of berserk rage.
A red film seems to cover your vision as you go berserk!
You feel yourself moving faster!
You feel mighty!
You feel yourself speed up.
You feel sick. You block the killer bee's attack.
The killer bee stings you but does no damage.
The killer bee stings you!
* * * LOW HITPOINT WARNING * * *
You are lethally poisoned!
The killer bee poisons you!
You are too berserk!
You feel a strong urge to attack something.
* * * LOW HITPOINT WARNING * * *
You feel sick.
Found 10 gold pieces.
* * * LOW HITPOINT WARNING * * *
You feel sick. The killer bee stings you!
You die...
Xom thinks this is hilarious!

#.#...... ...
#.#.#...### $..
.......# # #..
###.#...### #.#
#..........
#[#....#.#.#...###
#.#....'.........#
#.#....#.......#.#
#@#....#.###.#.#.. ..
#y#....+.......... :.
#.#....#.###.#.... .#
#y#....#.###...... .#
#{#............... .#
#{##..##.#########
.## ### #.##..##.#
##### ..+
+...#'##..##.# #....
.#
#ยง.{....##.#####....


You could see 2 killer bees.

Vanquished Creatures
  A spatial vortex (D:2)
  Duvessa (D:4)
  2 orc warriors (D:6)
  2 ogres
  4 phantoms
  A centaur (D:6)
  Blork the orc (D:4)
  A bullfrog (D:6)
  Dowan (D:4)
  A scorpion (D:5)
  3 howler monkeys
  4 jellies (D:6)
  2 crimson imps
  A centaur zombie (D:5)
  An orc wizard (D:3)
  2 orc priests
  5 worker ants
  An iguana (D:4)
  Robin (D:3)
  A howler monkey zombie (D:6)
  5 adders
  4 gnolls
  2 shadow imps
  2 adder skeletons
  An adder zombie (D:7)
  2 worms
  4 dart slugs
  7 leopard geckos
  19 orcs
  A ball python (D:1)
  7 giant cockroaches
  11 hobgoblins
  7 jackals
  4 kobolds
  A quokka (D:4)
  8 bats
  14 frilled lizards
  11 goblins
  A leopard gecko skeleton (D:6)
  A leopard gecko zombie (D:5)
  11 rats
159 creatures vanquished.

Vanquished Creatures (collateral kills)
  A leopard gecko (D:3)
  An orc (D:3)
2 creatures vanquished.

Grand Total: 161 creatures vanquished

Notes
Turn   | Place    | Note
-------+----------+-------------------------------------------
     0 | D:1      | cultivahabas the Troll Chaos Knight began the quest for the Orb.
     0 | D:1      | Reached XP level 1. HP: 22/22 MP: 0/0
    58 | D:1      | Reached skill level 3 in Maces & Flails
   102 | D:1      | Reached XP level 2. HP: 29/29 MP: 1/1
   103 | D:1      | XOM: cloud trail
   132 | D:1      | XOM: cast spell 'Call Canine Familiar'
   444 | D:1      | Reached XP level 3. HP: 34/36 MP: 2/2
   773 | D:2      | XOM: medium Summ miscast
   774 | D:2      | Noticed a spatial vortex
   787 | D:2      | Killed a spatial vortex
   968 | D:3      | Noticed Robin
   974 | D:2      | Reached skill level 4 in Maces & Flails
   994 | D:3      | Reached XP level 4. HP: 32/45 MP: 3/3
  1160 | D:3      | XOM: smoke on damage
  1225 | D:3      | Killed Robin
  1268 | D:3      | XOM: summons friendly crimson imp
  1282 | D:3      | Reached XP level 5. HP: 45/53 MP: 4/4
  1305 | D:3      | XOM: smoke on damage
  1351 | D:2      | XOM: smoke on damage
  1607 | D:3      | Reached skill level 5 in Maces & Flails
  1815 | D:3      | XOM: summons 1 hostile demon
  1924 | D:3      | Found a shattered altar of Ashenzari.
  2104 | D:3      | XOM: medium Air miscast
  2249 | D:3      | XOM: summons 2 hostile demons
  2302 | D:4      | Reached XP level 6. HP: 43/62 MP: 5/5
  2358 | D:4      | XOM: noise
  2370 | D:4      | Noticed Duvessa
  2371 | D:4      | Noticed Dowan
  2372 | D:4      | XOM: silly message
  2385 | D:4      | XOM: silly message
  2396 | D:4      | Killed Duvessa
  2405 | D:4      | Killed Dowan
  2405 | D:4      | Reached skill level 6 in Maces & Flails
  2617 | D:4      | Noticed Blork the orc
  2622 | D:4      | XOM: noise
  2625 | D:4      | Killed Blork the orc
  2625 | D:4      | Reached XP level 7. HP: 48/71 MP: 6/6
  2751 | D:4      | Found Ybbienn's Antique Armour Boutique.
  2792 | D:4      | XOM: harmless Necr miscast
  2877 | D:4      | XOM: silly message
  2940 | D:4      | Found a radiant altar of Vehumet.
  2940 | D:4      | Found a hazy altar of Hepliaklqana.
  2947 | D:4      | Found a deep blue altar of Sif Muna.
  2951 | D:4      | Found an ornate altar of the Wu Jian Council.
  2953 | D:4      | Found a stormy altar of Qazlal.
  2991 | D:5      | Entered Level 5 of the Dungeon
  3125 | D:5      | XOM: cast spell 'Leda's Liquefaction'
  3163 | D:5      | Reached skill level 7 in Maces & Flails
  3260 | D:5      | Found Optuoh's Distillery.
  3271 | D:5      | Bought a potion of curing for 42 gold pieces
  3271 | D:5      | Bought a potion of heal wounds for 70 gold pieces
  3271 | D:5      | Bought a potion of heal wounds for 70 gold pieces
  3299 | D:5      | Found a staircase to the Ecumenical Temple.
  3484 | D:5      | XOM: harmless Hex miscast
  3642 | D:5      | Reached skill level 5 in Fighting
  3866 | D:5      | Reached XP level 8. HP: 72/80 MP: 7/7
  4113 | D:5      | XOM: give mutations
  4113 | D:5      | Gained mutation: You are clumsy. (Dex -2) [Xom's mischief]
  4113 | D:5      | Gained mutation: You are frail. (-10% HP) [Xom's mischief]
  4197 | D:5      | XOM: swap monsters
  4218 | D:5      | XOM: enchant monster (good)
  4403 | D:6      | XOM: give mutations
  4403 | D:6      | Gained mutation: You are partially covered in large bone plates. (SH +4) [Xom's mischief]
  4403 | D:6      | Gained mutation: You are dopey. (Int -2) [Xom's mischief]
  4418 | D:6      | XOM: butterfly on damage
  4419 | D:6      | Reached skill level 8 in Maces & Flails
  4423 | D:6      | XOM: mild Erth miscast
  4569 | D:6      | XOM: god gift: 4 large rocks
  4592 | D:6      | XOM: divination: detect items
  4593 | D:6      | XOM: 3-stop teleportation journey
  4746 | D:6      | XOM: give mutations
  4746 | D:6      | Gained mutation: Your body sometimes deteriorates upon taking damage. [Xom's mischief]
  4746 | D:6      | Gained mutation: Armour fits poorly on your strangely shaped body. [Xom's mischief]
  4746 | D:6      | Lost mutation: You are clumsy. (Dex -2) [Xom's mischief]
  4869 | D:6      | XOM: medium Chrm miscast
  4878 | D:6      | XOM: 4-stop teleportation journey
  4892 | D:6      | Found Etzuhiov's Distillery.
  4898 | D:6      | Bought a potion of curing for 45 gold pieces
  4900 | D:6      | XOM: blink monster(s)
  5045 | D:6      | XOM: 4-stop teleportation journey
  5131 | D:6      | XOM: enchant monster (good)
  5144 | D:6      | Reached skill level 9 in Maces & Flails
  5405 | D:6      | XOM: smoke on damage
  5618 | D:6      | XOM: summons 4 hostile demons
  6077 | D:7      | XOM: confusion
  6233 | D:6      | XOM: noise
  6306 | D:7      | XOM: give mutation
  6306 | D:7      | Gained mutation: Your flesh is heat resistant. (rF+) [Xom's mischief]
  6446 | D:7      | Reached XP level 9. HP: 80/80 MP: 8/8
  6582 | D:7      | XOM: chaos cloud
  6593 | D:7      | HP: 6/120 [poisoned by a killer bee]
  6594 | D:7      | Slain by a killer bee

Skill      XL: |  1  2  3  4  5  6  7  8 |
---------------+-------------------------+-----
Maces & Flails | 3 4 5 6 7 9 |  9.3
Fighting       | 3 4 5 6 |  6.1
Dodging        | 2 |  2.1

Action                   |  1- 3 |  4- 6 |  7- 9 || total
-------------------------+-------+-------+-------++-------
Melee: Mace              |   149 |   201 |   334 ||   684
Throw: Tomahawk          |       |       |     5 ||     5
  Use: Scroll            |       |       |    14 ||    14
       Potion            |       |       |     3 ||     3
 Stab: Sleeping          |       |     2 |       ||     2
       Petrified         |       |       |     7 ||     7
       Confused          |       |       |     1 ||     1
       Petrifying        |       |       |     1 ||     1
       Paralysed         |       |       |     1 ||     1
  Eat: Chunk             |    15 |    16 |    26 ||    57
       Ration            |       |       |     1 ||     1
Armor: Robe              |    82 |    71 |   109 ||   262
Dodge: Dodged            |   105 |   125 |   152 ||   382
Block: Other             |       |       |    30 ||    30
